| TOP OF THE 1ST |
|
St. Cloud Rox batting - Pitching for Watertown Bucks : RHP Tony Valenzuela
|
|
Pitching: RHP Tony Valenzuela
|
|
|
Batting: LHB Doran Perdue
|
0-0: SINGLE (Groundball, 5S, EV 72.5 MPH) (infield hit)
|
|
Batting: RHB Ron Gardenhire
|
0-0: Ball 1-0: DOUBLE (Line Drive, 7LS, EV 95.6 MPH) Doran Perdue to third Runner from 3rd tries for Home, SAFE, no throw by LF
|
|
Batting: SHB R J Reynolds
|
0-0: Called Strike 0-1: Swinging Strike 0-2: Strikes out looking
|
|
Batting: LHB Tim Flannery
|
0-0: Called Strike 0-1: Ground out 5-3 (Groundball, 5, EV 85.6 MPH)
|
|
Batting: LHB Curtis Morgan
|
0-0: Ball 1-0: Ball 2-0: Foul Ball, location: 2F 2-1: Ball 3-1: Swinging Strike 3-2: Base on Balls
|
|
Batting: SHB Manny Galvez
|
0-0: Ball 1-0: Called Strike 1-1: Fielders Choice at 2nd, 6-4 (Groundball, 6, EV 76.9 MPH)
|
| Top of the 1st over - 1 run, 2 hits, 0 errors, 2 left on base; St. Cloud 1 - Watertown 0 |
| BOTTOM OF THE 1ST |
|
Watertown Bucks batting - Pitching for St. Cloud Rox : RHP Tony Becerra
|
|
Pitching: RHP Tony Becerra
|
|
|
Batting: SHB Luis Rivera
|
0-0: Ball 1-0: Foul Ball, location: 2F 1-1: Ball 2-1: Ball 3-1: Foul Ball, location: 2F 3-2: Ground out 4-3 (Groundball, 34D, EV 110.0 MPH)
|
|
Batting: RHB Robert Tanzi
|
0-0: Called Strike 0-1: Ball 1-1: Fly out, F8 (Flyball, 89D, EV 98.8 MPH)
|
|
Batting: RHB Randy Hunt
|
0-0: Ball 1-0: Swinging Strike 1-1: SINGLE (Line Drive, 9LS, EV 100.6 MPH)
|
|
Batting: RHB Richard Plautz
|
0-0: Swinging Strike 0-1: Ball 1-1: SINGLE (Line Drive, 78M, EV 103.1 MPH) Randy Hunt to second
|
|
Batting: LHB Bryan Neal
|
0-0: Ball 1-0: Ball 2-0: Foul Ball, location: 2F 2-1: Ground out U3 (Groundball, 34, EV 88.8 MPH)
|
| Bottom of the 1st over - 0 runs, 2 hits, 0 errors, 2 left on base; St. Cloud 1 - Watertown 0 |
| TOP OF THE 2ND |
|
St. Cloud Rox batting - Pitching for Watertown Bucks : RHP Tony Valenzuela
|
|
Batting: RHB Dennis Sherrill
|
0-0: Ball 1-0: Fly out, F6 (Line Drive, 6, EV 66.3 MPH)
|
|
Batting: RHB Butch Benton
|
0-0: TRIPLE (Line Drive, 9D, EV 105.0 MPH)
|
|
Batting: RHB Rich Velasquez
|
0-0: Ball 1-0: Ground out 6-3 (Groundball, 6, EV 78.8 MPH) Butch Benton scores
|
|
Batting: LHB Doran Perdue
|
0-0: Ball 1-0: Fly out, F9 (Flyball, 9S, EV 76.3 MPH)
|
| Top of the 2nd over - 1 run, 1 hit, 0 errors, 0 left on base; St. Cloud 2 - Watertown 0 |
| BOTTOM OF THE 2ND |
|
Watertown Bucks batting - Pitching for St. Cloud Rox : RHP Tony Becerra
|
|
Batting: RHB Eugene Cattane
|
0-0: Called Strike 0-1: Called Strike 0-2: Ground out 6-3 (Groundball, 6, EV 100.0 MPH)
|
|
Batting: LHB Greg Guin
|
0-0: Foul Ball, location: 2F 0-1: Swinging Strike 0-2: Foul Ball, location: 2F 0-2: Ball 1-2: Strikes out swinging
|
|
Batting: RHB Thomas Dimino
|
0-0: Ball 1-0: Ball 2-0: Called Strike 2-1: Ball 3-1: Foul Ball, location: 2F 3-2: Foul Ball, location: 2F 3-2: Base on Balls
|
|
Batting: LHB Manuel Vigil
|
0-0: Ball 1-0: Ball 2-0: Ball 3-0: Called Strike 3-1: Base on Balls Thomas Dimino to second
|
|
Batting: SHB Luis Rivera
|
0-0: Fly out, F9 (Line Drive, 9, EV 96.9 MPH)
|
| Bottom of the 2nd over - 0 runs, 0 hits, 0 errors, 2 left on base; St. Cloud 2 - Watertown 0 |
| TOP OF THE 3RD |
|
St. Cloud Rox batting - Pitching for Watertown Bucks : RHP Tony Valenzuela
|
|
Batting: RHB Ron Gardenhire
|
0-0: Ball 1-0: Ball 2-0: Fly out, F6 (Popup, 6MS, EV 61.9 MPH)
|
|
Batting: SHB R J Reynolds
|
0-0: Fly out, F7 (Line Drive, 7, EV 108.1 MPH)
|
|
Batting: LHB Tim Flannery
|
0-0: Called Strike 0-1: Ground out 4-3 (Groundball, 4, EV 107.5 MPH)
|
| Top of the 3rd over - 0 runs, 0 hits, 0 errors, 0 left on base; St. Cloud 2 - Watertown 0 |
| BOTTOM OF THE 3RD |
|
Watertown Bucks batting - Pitching for St. Cloud Rox : RHP Tony Becerra
|
|
Batting: RHB Robert Tanzi
|
0-0: Ball 1-0: Ground out 1-3 (Groundball, 34S, EV 68.8 MPH)
|
|
Batting: RHB Randy Hunt
|
0-0: Ball 1-0: Ball 2-0: Foul Ball, location: 2F 2-1: Ground out 6-3 (Groundball, 6, EV 105.0 MPH)
|
|
Batting: RHB Richard Plautz
|
0-0: Foul Ball, location: 2F 0-1: Swinging Strike 0-2: Foul Ball, location: 2F 0-2: Strikes out swinging
|
| Bottom of the 3rd over - 0 runs, 0 hits, 0 errors, 0 left on base; St. Cloud 2 - Watertown 0 |
| TOP OF THE 4TH |
|
St. Cloud Rox batting - Pitching for Watertown Bucks : RHP Tony Valenzuela
|
|
Batting: LHB Curtis Morgan
|
0-0: Called Strike 0-1: DOUBLE (Line Drive, 78XD, EV 110.6 MPH)
|
|
Batting: SHB Manny Galvez
|
0-0: Ball 1-0: Called Strike 1-1: Ground out 6-3 (Groundball, 4M, EV 75.6 MPH) Curtis Morgan to third
|
|
Batting: RHB Dennis Sherrill
|
0-0: Foul Ball, location: 2F 0-1: Ball 1-1: Called Strike 1-2: Ball 2-2: Fly out, F7 (Line Drive, 7, EV 92.5 MPH)
|
|
Batting: RHB Butch Benton
|
0-0: DOUBLE (Line Drive, 3D, EV 93.8 MPH) Curtis Morgan scores
|
|
Batting: RHB Rich Velasquez
|
0-0: Foul Ball, location: 2F 0-1: Ball 1-1: Fly out, F6 (Popup, 4M, EV 61.9 MPH)
|
| Top of the 4th over - 1 run, 2 hits, 0 errors, 1 left on base; St. Cloud 3 - Watertown 0 |
| BOTTOM OF THE 4TH |
|
Watertown Bucks batting - Pitching for St. Cloud Rox : RHP Tony Becerra
|
|
Batting: LHB Bryan Neal
|
0-0: Ground out 4-3 (Groundball, 34, EV 81.3 MPH)
|
|
Batting: RHB Eugene Cattane
|
0-0: Ball 1-0: Ball 2-0: Ball 3-0: Called Strike 3-1: Fly out, F8 (Flyball, 8LS, EV 85.0 MPH)
|
|
Batting: LHB Greg Guin
|
0-0: Ball 1-0: Ball 2-0: Called Strike 2-1: Ball 3-1: Base on Balls
|
|
Batting: RHB Thomas Dimino
|
0-0: Called Strike 0-1: Foul Ball, location: 2F 0-2: Ball 1-2: Foul Ball, location: 2F 1-2: Strikes out swinging
|
| Bottom of the 4th over - 0 runs, 0 hits, 0 errors, 1 left on base; St. Cloud 3 - Watertown 0 |
| TOP OF THE 5TH |
|
St. Cloud Rox batting - Pitching for Watertown Bucks : RHP Tony Valenzuela
|
|
Batting: LHB Doran Perdue
|
0-0: Ball 1-0: Swinging Strike 1-1: Foul Ball, location: 2F 1-2: Strikes out swinging
|
|
Batting: RHB Ron Gardenhire
|
0-0: Called Strike 0-1: Swinging Strike 0-2: Ball 1-2: Strikes out swinging
|
|
Batting: SHB R J Reynolds
|
0-0: Ball 1-0: Ball 2-0: Ball 3-0: Called Strike 3-1: Foul Ball, location: 2F 3-2: Foul Ball, location: 2F 3-2: Reached on error, E6 (Groundball, 6, EV 84.4 MPH)
|
|
Batting: LHB Tim Flannery
|
0-0: Ball 1-0: Ball 2-0: Called Strike 2-1: Called Strike R J Reynolds steals 2nd base 2-2: SINGLE (Line Drive, 7S, EV 101.9 MPH) R J Reynolds to third Runner from 3rd tries for Home, SAFE, throw by LF to home
|
|
Batting: LHB Curtis Morgan
|
0-0: Ball 1-0: Called Strike 1-1: Called Strike 1-2: Ball Tim Flannery steals 2nd base (no throw) 2-2: Ball 3-2: Intentional Walk
|
|
Batting: SHB Manny Galvez
|
0-0: Ball 1-0: Swinging Strike 1-1: Fly out, F9 (Line Drive, 9D, EV 90.6 MPH)
|
| Top of the 5th over - 1 run, 1 hit, 1 error, 2 left on base; St. Cloud 4 - Watertown 0 |
| BOTTOM OF THE 5TH |
|
Watertown Bucks batting - Pitching for St. Cloud Rox : RHP Tony Becerra
|
|
Batting: LHB Manuel Vigil
|
0-0: Called Strike 0-1: Ball 1-1: Called Strike 1-2: Ground out 6-3 (Groundball, 6, EV 91.9 MPH)
|
|
Batting: SHB Luis Rivera
|
0-0: Ball 1-0: Ball 2-0: Swinging Strike 2-1: Swinging Strike 2-2: Ground out 6-3 (Groundball, 6S, EV 83.8 MPH)
|
|
Batting: RHB Robert Tanzi
|
0-0: Called Strike 0-1: Called Strike 0-2: SINGLE (Groundball, 4MD, EV 100.0 MPH)
|
|
Batting: RHB Randy Hunt
|
0-0: Called Strike 0-1: Ball 1-1: Foul Ball, location: 2F 1-2: Ball 2-2: Foul Ball, location: 2F 2-2: Foul Ball, location: 2F 2-2: Strikes out swinging
|
| Bottom of the 5th over - 0 runs, 1 hit, 0 errors, 1 left on base; St. Cloud 4 - Watertown 0 |
| TOP OF THE 6TH |
|
St. Cloud Rox batting - Pitching for Watertown Bucks : RHP Tony Valenzuela
|
|
Batting: RHB Dennis Sherrill
|
0-0: SINGLE (Line Drive, 4MD, EV 101.3 MPH)
|
|
Batting: RHB Butch Benton
|
0-0: Called Strike 0-1: Reached on error, E6 (Groundball, 4MS, EV 82.5 MPH) Dennis Sherrill to third
|
|
Batting: RHB Rich Velasquez
|
0-0: Fly out, F9 (Flyball, 9S, EV 95.0 MPH)
|
|
Batting: LHB Doran Perdue
|
0-0: Intentional Walk
|
|
Batting: RHB Ron Gardenhire
|
0-0: Grounds into fielders choice 1-2 (Groundball, 15S, EV 67.5 MPH) Butch Benton to third Doran Perdue to second
|
|
Batting: SHB R J Reynolds
|
0-0: Called Strike 0-1: Ball 1-1: Swinging Strike 1-2: Ball 2-2: DOUBLE (Line Drive, 7LM, EV 89.4 MPH) Butch Benton scores Doran Perdue scores Ron Gardenhire to third Runner from 3rd tries for Home, SAFE, throw by LF to home
|
|
Pitching: RHP Jose Vasquez
|
|
|
Batting: LHB Tim Flannery
|
0-0: Ball 1-0: Ball 2-0: Ball 3-0: Base on Balls
|
|
Batting: LHB Curtis Morgan
|
0-0: Called Strike 0-1: Ground out U3 (Groundball, 3, EV 88.8 MPH)
|
| Top of the 6th over - 3 runs, 2 hits, 1 error, 2 left on base; St. Cloud 7 - Watertown 0 |
| BOTTOM OF THE 6TH |
|
Watertown Bucks batting - Pitching for St. Cloud Rox : RHP Tony Becerra
|
|
Batting: RHB Richard Plautz
|
0-0: Called Strike 0-1: Fly out, F9 (Flyball, 9LD, EV 99.4 MPH)
|
|
Batting: LHB Bryan Neal
|
0-0: Ball 1-0: Swinging Strike 1-1: Ball 2-1: Ball 3-1: Base on Balls
|
|
Batting: RHB Eugene Cattane
|
0-0: Foul Ball, location: 2F 0-1: Foul Ball, location: 2F 0-2: Strikes out swinging
|
|
Batting: LHB Greg Guin
|
0-0: Ball 1-0: Ball 2-0: Ball 3-0: Base on Balls Bryan Neal to second
|
|
Batting: RHB Thomas Dimino
|
0-0: Called Strike 0-1: SINGLE (Line Drive, 78S, EV 94.4 MPH) Bryan Neal to third Greg Guin to second Runner from 3rd tries for Home, SAFE, throw by LF to home
|
|
Pitching: RHP Mike Martinez
|
|
|
Batting: LHB Manuel Vigil
|
0-0: Ball 1-0: Ball 2-0: Ball 3-0: Called Strike 3-1: Foul Ball, location: 2F 3-2: Base on Balls Greg Guin to third Thomas Dimino to second
|
|
Batting: SHB Luis Rivera
|
0-0: Ball 1-0: Called Strike 1-1: Ball 2-1: Fly out, F7 (Flyball, 7, EV 91.9 MPH)
|
| Bottom of the 6th over - 1 run, 1 hit, 0 errors, 3 left on base; St. Cloud 7 - Watertown 1 |
| TOP OF THE 7TH |
|
St. Cloud Rox batting - Pitching for Watertown Bucks : RHP Jose Vasquez
|
|
Batting: SHB Manny Galvez
|
0-0: Ball 1-0: Ball 2-0: Ball 3-0: Base on Balls
|
|
Batting: RHB Dennis Sherrill
|
0-0: Ball 1-0: Called Strike 1-1: DOUBLE (Groundball, 5L, EV 108.1 MPH) Manny Galvez to third Runner from 3rd tries for Home, SAFE, throw by LF to trailing runner, SAFE at third!
|
|
Batting: RHB Butch Benton
|
0-0: Called Strike 0-1: Ball 1-1: DOUBLE (Line Drive, 9LS, EV 103.8 MPH) Dennis Sherrill scores
|
|
Batting: RHB Rich Velasquez
|
0-0: Called Strike 0-1: Called Strike 0-2: Fly out, F9 (Flyball, 9, EV 87.5 MPH)
|
|
Batting: LHB Doran Perdue
|
0-0: Ball 1-0: Ball 2-0: SINGLE (Groundball, 25, EV 63.8 MPH) (infield hit) Butch Benton to third
|
|
Batting: RHB Ron Gardenhire
|
0-0: DOUBLE (Flyball, 8RD, EV 104.4 MPH) Butch Benton scores Doran Perdue to third Runner from 3rd tries for Home, SAFE, no throw by CF
|
|
Pitching: LHP Kenneth Likewise
|
|
|
Batting: SHB R J Reynolds
|
0-0: Foul Ball, location: 2F 0-1: SINGLE (Popup, 34D, EV 55.0 MPH) Ron Gardenhire to third
|
|
Pinch Hitting: RHB Luis Monreal
|
0-0: Ball 1-0: Ball 2-0: Called Strike 2-1: Ball 3-1: Grounds into double play, 4-6-3 (Groundball, 4, EV 93.8 MPH)
|
| Top of the 7th over - 4 runs, 5 hits, 0 errors, 1 left on base; St. Cloud 11 - Watertown 1 |
| BOTTOM OF THE 7TH |
|
Watertown Bucks batting - Pitching for St. Cloud Rox : RHP Mike Martinez
|
|
Now at 2B: Luis Monreal
|
|
|
Pinch Hitting: SHB Marvin Clack
|
0-0: Ball 1-0: Called Strike 1-1: Called Strike 1-2: Strikes out looking
|
|
Batting: RHB Randy Hunt
|
0-0: Called Strike 0-1: Ball 1-1: Ball 2-1: Ball 3-1: Called Strike 3-2: Base on Balls
|
|
Batting: RHB Richard Plautz
|
0-0: Called Strike 0-1: Foul Ball, location: 2F 0-2: Ball 1-2: Foul Ball, location: 2F 1-2: Grounds into double play, 5-4-3 (Groundball, 56S, EV 86.9 MPH)
|
| Bottom of the 7th over - 0 runs, 0 hits, 0 errors, 0 left on base; St. Cloud 11 - Watertown 1 |
| TOP OF THE 8TH |
|
St. Cloud Rox batting - Pitching for Watertown Bucks : LHP Kenneth Likewise
|
|
Now at 3B: Marvin Clack
|
|
|
Batting: LHB Curtis Morgan
|
0-0: Fly out, F8 (Line Drive, 8LD, EV 86.3 MPH)
|
|
Batting: SHB Manny Galvez
|
0-0: Swinging Strike 0-1: Ball 1-1: Swinging Strike 1-2: Foul Ball, location: 2F 1-2: Ball 2-2: Ball 3-2: DOUBLE (Flyball, 8LD, EV 87.5 MPH)
|
|
Batting: RHB Dennis Sherrill
|
0-0: Foul Ball, location: 2F 0-1: Called Strike 0-2: Strikes out swinging
|
|
Batting: RHB Butch Benton
|
0-0: Foul Ball, location: 2F 0-1: Foul Ball, location: 2F 0-2: Foul Ball, location: 2F 0-2: Strikes out swinging
|
| Top of the 8th over - 0 runs, 1 hit, 0 errors, 1 left on base; St. Cloud 11 - Watertown 1 |
| BOTTOM OF THE 8TH |
|
Watertown Bucks batting - Pitching for St. Cloud Rox : RHP Mike Martinez
|
|
Batting: LHB Bryan Neal
|
0-0: Called Strike 0-1: Fly out, F8 (Flyball, 8RS, EV 85.6 MPH)
|
|
Batting: RHB Eugene Cattane
|
0-0: Fly out, F7 (Flyball, 7LS, EV 94.4 MPH)
|
|
Batting: LHB Greg Guin
|
0-0: Ball 1-0: Ground out 4-3 (Groundball, 34, EV 107.5 MPH)
|
| Bottom of the 8th over - 0 runs, 0 hits, 0 errors, 0 left on base; St. Cloud 11 - Watertown 1 |
| TOP OF THE 9TH |
|
St. Cloud Rox batting - Pitching for Watertown Bucks : LHP Kenneth Likewise
|
|
Batting: RHB Rich Velasquez
|
0-0: Swinging Strike 0-1: Called Strike 0-2: Ball 1-2: Ball 2-2: Ball 3-2: Base on Balls
|
|
Batting: LHB Doran Perdue
|
0-0: Called Strike 0-1: Foul Ball, location: 2F 0-2: Ball 1-2: 2-RUN HOME RUN (Flyball, 9LD, EV 92.5 MPH), Distance : 349 ft
|
|
Batting: RHB Ron Gardenhire
|
0-0: Called Strike 0-1: Ball 1-1: Ball 2-1: SINGLE (Groundball, 6S, EV 66.9 MPH) (infield hit)
|
|
Pitching: RHP Francis McQuade
|
|
|
Batting: SHB R J Reynolds
|
0-0: Ball 1-0: Foul Ball, location: 2F 1-1: Ball 2-1: Foul Ball, location: 2F 2-2: Ball 3-2: Fielders Choice at 2nd, 6-4 (Groundball, 6, EV 95.6 MPH)
|
|
Batting: RHB Luis Monreal
|
0-0: Swinging Strike 0-1: Swinging Strike 0-2: Ball 1-2: Fly out, F8 (Flyball, 89S, EV 90.0 MPH)
|
|
Batting: LHB Curtis Morgan
|
0-0: Ball 1-0: Ball 2-0: SINGLE (Groundball, 56D, EV 93.8 MPH) R J Reynolds to second
|
|
Batting: SHB Manny Galvez
|
0-0: Called Strike 0-1: SINGLE (Groundball, 56, EV 86.9 MPH) (infield hit) R J Reynolds to third Curtis Morgan to second
|
|
Batting: RHB Dennis Sherrill
|
0-0: Called Strike 0-1: Ball 1-1: Swinging Strike 1-2: Fly out, F9 (Flyball, 9LS, EV 74.4 MPH)
|
| Top of the 9th over - 2 runs, 4 hits, 0 errors, 3 left on base; St. Cloud 13 - Watertown 1 |
| BOTTOM OF THE 9TH |
|
Watertown Bucks batting - Pitching for St. Cloud Rox : RHP Mike Martinez
|
|
Batting: RHB Thomas Dimino
|
0-0: Called Strike 0-1: Ball 1-1: Ball 2-1: Ball 3-1: Base on Balls
|
|
Batting: LHB Manuel Vigil
|
0-0: Ball 1-0: Called Strike 1-1: Swinging Strike 1-2: Fly out, F7 (Flyball, 7LM, EV 88.8 MPH)
|
|
Pinch Hitting: LHB John Cardinali
|
0-0: Ball 1-0: Fly out, F8 (Flyball, 8RD, EV 75.0 MPH)
|
|
Batting: SHB Marvin Clack
|
0-0: Ball 1-0: Ball 2-0: Foul Ball, location: 2F 2-1: Ball 3-1: Called Strike 3-2: Ground out 4-3 (Groundball, 4S, EV 75.0 MPH)
|
| Bottom of the 9th over - 0 runs, 0 hits, 0 errors, 1 left on base; St. Cloud 13 - Watertown 1 |
|